ACL
ACL LOS ANGELES (N) DODGERS @ ACL BOSTON RED SOX
05/26/2042
 
TOP OF THE 1ST
ACL Los Angeles (N) Dodgers batting - Pitching for ACL Boston Red Sox : RHP Ken Brown
Pitching: RHP Ken Brown
Batting: RHB Alex Neal 0-0: Swinging Strike
0-1: Ball
1-1: Foul Ball, location: 3DF
1-2: Ball
2-2: Strikes out swinging
Batting: RHB José López 0-0: Called Strike
0-1: Foul Ball, location: 9LMF
0-2: Ball
1-2: SOLO HOME RUN (Line Drive, 78XD, EV 102.5 MPH), Distance : 397 ft
Batting: LHB Robby Lucas 0-0: Fly out, F9 (Line Drive, 9LM, EV 100.6 MPH)
Batting: LHB Ed Reed 0-0: Ball
1-0: Foul Ball, location: 7LDF
1-1: Swinging Strike
1-2: Ball
2-2: Ball
3-2: Base on Balls
Batting: RHB Nacho Noriega 0-0: Called Strike
0-1: Swinging Strike
0-2: Ball
1-2: Strikes out looking
Top of the 1st over - 1 run, 1 hit, 0 errors, 1 left on base; ACL Los Angeles (N) 1 - ACL Boston 0
BOTTOM OF THE 1ST
ACL Boston Red Sox batting - Pitching for ACL Los Angeles (N) Dodgers : RHP Sid Calhoun
Pitching: RHP Sid Calhoun
Batting: RHB Iván Alvarado 0-0: Ball
1-0: Bunted foul
1-1: Fly out, F9 (Line Drive, 89M, EV 95.0 MPH)
Batting: RHB Rob Wilson 0-0: Ball
1-0: Foul Ball, location: 9LSF
1-1: Foul Ball, location: 7LSF
1-2: Foul Ball, location: 9LDF
1-2: Strikes out swinging
Batting: RHB Jorge Huerta 0-0: Ball
1-0: Called Strike
1-1: Ground out 6-3 (Groundball, 6S, EV 85.6 MPH)
Bottom of the 1st over - 0 runs, 0 hits, 0 errors, 0 left on base; ACL Los Angeles (N) 1 - ACL Boston 0
TOP OF THE 2ND
ACL Los Angeles (N) Dodgers batting - Pitching for ACL Boston Red Sox : RHP Ken Brown
Batting: RHB Artie Paige 0-0: Called Strike
0-1: Ball
1-1: Swinging Strike
1-2: Foul Ball, location: 7LSF
1-2: Ball
2-2: Foul Ball, location: 2F
2-2: Ball
3-2: Foul Ball, location: 2F
3-2: Strikes out looking
Batting: RHB Mario López 0-0: Ball
1-0: Ball
2-0: Ball
3-0: Base on Balls
Batting: LHB Juan Fernández 0-0: Called Strike
0-1: Ball
1-1: DOUBLE (Line Drive, 5D, EV 99.4 MPH)
Mario López to third
Runner from 3rd tries for Home, throw by LF and OUT! 7-6-2
Juan Fernández to third
Batting: RHB Mike Simpson 0-0: Foul Ball, location: 9LMF
0-1: Swinging Strike
0-2: Strikes out looking
Top of the 2nd over - 0 runs, 1 hit, 0 errors, 1 left on base; ACL Los Angeles (N) 1 - ACL Boston 0
BOTTOM OF THE 2ND
ACL Boston Red Sox batting - Pitching for ACL Los Angeles (N) Dodgers : RHP Sid Calhoun
Batting: RHB Bob Jackson 0-0: Ball
1-0: Foul Ball, location: 9LDF
1-1: DOUBLE (Line Drive, 8LD, EV 102.5 MPH)
Batting: RHB Ben Kessler 0-0: Called Strike
0-1: Called Strike
0-2: Strikes out swinging
Batting: SHB Sean Curl 0-0: Called Strike
0-1: Called Strike
0-2: Strikes out swinging
Batting: RHB Rex Mullins 0-0: Called Strike
0-1: Ball
1-1: Ball
2-1: Foul Ball, location: 9LDF
2-2: Foul Ball, location: 3SF
2-2: Strikes out swinging
Bottom of the 2nd over - 0 runs, 1 hit, 0 errors, 1 left on base; ACL Los Angeles (N) 1 - ACL Boston 0
TOP OF THE 3RD
ACL Los Angeles (N) Dodgers batting - Pitching for ACL Boston Red Sox : RHP Ken Brown
Batting: RHB Alex Neal 0-0: Ball
1-0: Called Strike
1-1: Ball
2-1: Ball
3-1: Base on Balls
Batting: RHB José López 0-0: Called Strike
0-1: Sac Bunt to 15S - play at first, batter OUT! 1-3
Alex Neal to second
Batting: LHB Robby Lucas 0-0: Called Strike
0-1: Swinging Strike
0-2: Foul Ball, location: 2F
0-2: Strikes out swinging
Batting: LHB Ed Reed 0-0: Ball
1-0: Called Strike
1-1: Ball
2-1: Ball
3-1: Fly out, F5 (Flyball, 56D, EV 97.5 MPH)
Top of the 3rd over - 0 runs, 0 hits, 0 errors, 1 left on base; ACL Los Angeles (N) 1 - ACL Boston 0
BOTTOM OF THE 3RD
ACL Boston Red Sox batting - Pitching for ACL Los Angeles (N) Dodgers : RHP Sid Calhoun
Batting: RHB Jim Unknown 0-0: Ball
1-0: Foul Ball, location: 2F
1-1: Ball
2-1: Ball
3-1: Base on Balls
Batting: SHB Ismael Rúbio 0-0: Ball
1-0: Sac Bunt to 3S - play at first, batter safe!
Jim Unknown to second
Batting: RHB Iván Alvarado 0-0: Sac Bunt to 2L - play at first, batter OUT! 2-3
Jim Unknown to third
Ismael Rúbio to second
Batting: RHB Rob Wilson 0-0: Ground out 2-3 (Groundball, 2L, EV 76.3 MPH)
Batting: RHB Jorge Huerta 0-0: Ball
1-0: Called Strike
1-1: Foul Ball, location: 2F
1-2: Strikes out looking
Bottom of the 3rd over - 0 runs, 1 hit, 0 errors, 2 left on base; ACL Los Angeles (N) 1 - ACL Boston 0
TOP OF THE 4TH
ACL Los Angeles (N) Dodgers batting - Pitching for ACL Boston Red Sox : RHP Ken Brown
Batting: RHB Nacho Noriega 0-0: Foul Ball, location: 3SF
0-1: Swinging Strike
0-2: Ball
1-2: Ball
2-2: Ball
3-2: Base on Balls
Batting: RHB Artie Paige 0-0: Foul Ball, location: 2LF
0-1: SINGLE (Groundball, 4MD, EV 99.4 MPH)
Nacho Noriega to second
Batting: RHB Mario López 0-0: Swinging Strike
0-1: Sac Bunt to 2L - play at first, batter OUT! 2-3
Nacho Noriega to third
Artie Paige to second
Batting: LHB Juan Fernández 0-0: Ball
1-0: Foul Ball, location: 3F
1-1: Swinging Strike
1-2: Ground out 3-1 (Groundball, 34, EV 81.3 MPH)
Batting: RHB Mike Simpson 0-0: Foul Ball, location: 2F
0-1: Called Strike
0-2: Foul Ball, location: 9LDF
0-2: Foul Ball, location: 2F
0-2: 3-RUN HOME RUN (Line Drive, 78XD, EV 104.4 MPH), Distance : 401 ft
Batting: RHB Alex Neal 0-0: Ball
1-0: Ball
2-0: Swinging Strike
2-1: Ball
3-1: Base on Balls
Pitching: LHP Pat Floyd
Batting: RHB José López 0-0: Called Strike
0-1: Ball
1-1: Ball
Alex Neal steals 2nd base
2-1: Swinging Strike
2-2: Ball
3-2: Base on Balls
Batting: LHB Robby Lucas 0-0: Foul Ball, location: 2F
0-1: Swinging Strike
0-2: Ball
1-2: Ball
2-2: Strikes out looking
Top of the 4th over - 3 runs, 2 hits, 0 errors, 2 left on base; ACL Los Angeles (N) 4 - ACL Boston 0
BOTTOM OF THE 4TH
ACL Boston Red Sox batting - Pitching for ACL Los Angeles (N) Dodgers : RHP Sid Calhoun
Batting: RHB Bob Jackson 0-0: Foul Ball, location: 9LMF
0-1: Foul Ball, location: 5F
0-2: Ball
1-2: Strikes out swinging
Batting: RHB Ben Kessler 0-0: Called Strike
0-1: Called Strike
0-2: Ball
1-2: Ground out 5-3 (Groundball, 5L, EV 97.5 MPH)
Batting: SHB Sean Curl 0-0: Ball
1-0: Called Strike
1-1: Foul Ball, location: 3DF
1-2: Ball
2-2: Ground out 4-3 (Groundball, 4D, EV 101.9 MPH)
Bottom of the 4th over - 0 runs, 0 hits, 0 errors, 0 left on base; ACL Los Angeles (N) 4 - ACL Boston 0
TOP OF THE 5TH
ACL Los Angeles (N) Dodgers batting - Pitching for ACL Boston Red Sox : LHP Pat Floyd
Batting: LHB Ed Reed 0-0: Ball
1-0: Ground out 4-3 (Groundball, 4S, EV 61.9 MPH)
Batting: RHB Nacho Noriega 0-0: Swinging Strike
0-1: Ground out 3-1 (Groundball, 34S, EV 85.0 MPH)
Batting: RHB Artie Paige 0-0: Ball
1-0: Ball
2-0: Swinging Strike
2-1: Foul Ball, location: 5FF
2-2: Ground out 6-3 (Groundball, 6, EV 106.9 MPH)
Top of the 5th over - 0 runs, 0 hits, 0 errors, 0 left on base; ACL Los Angeles (N) 4 - ACL Boston 0
BOTTOM OF THE 5TH
ACL Boston Red Sox batting - Pitching for ACL Los Angeles (N) Dodgers : RHP Sid Calhoun
Batting: RHB Rex Mullins 0-0: Ball
1-0: Called Strike
1-1: Swinging Strike
1-2: Ball
2-2: Strikes out looking
Batting: RHB Jim Unknown 0-0: Ball
1-0: Foul Ball, location: 9LDF
1-1: Foul Ball, location: 9LDF
1-2: Ball
2-2: Strikes out swinging
Batting: SHB Ismael Rúbio 0-0: Called Strike
0-1: Ball
1-1: SINGLE (Groundball, P, EV 86.3 MPH) (infield hit)
Batting: RHB Iván Alvarado 0-0: Ground out 6-3 (Groundball, 6MD, EV 99.4 MPH)
Bottom of the 5th over - 0 runs, 1 hit, 0 errors, 1 left on base; ACL Los Angeles (N) 4 - ACL Boston 0
TOP OF THE 6TH
ACL Los Angeles (N) Dodgers batting - Pitching for ACL Boston Red Sox : LHP Pat Floyd
Batting: RHB Mario López 0-0: Foul Ball, location: 2F
0-1: Called Strike
0-2: Ball
1-2: Foul Ball, location: 5SF
1-2: Ball
2-2: Strikes out looking
Batting: LHB Juan Fernández 0-0: SINGLE (Line Drive, 7LS, EV 89.4 MPH)
Batting: RHB Mike Simpson 0-0: Ball
Wild Pitch!
Juan Fernández to second
1-0: Called Strike
1-1: Foul Ball, location: 23F
1-2: Strikes out swinging
Batting: RHB Alex Neal 0-0: Ground out 3-1 (Groundball, 34S, EV 90.6 MPH)
Top of the 6th over - 0 runs, 1 hit, 0 errors, 1 left on base; ACL Los Angeles (N) 4 - ACL Boston 0
BOTTOM OF THE 6TH
ACL Boston Red Sox batting - Pitching for ACL Los Angeles (N) Dodgers : RHP Sid Calhoun
Batting: RHB Rob Wilson 0-0: Swinging Strike
0-1: Foul Ball, location: 2F
0-2: Hit by Pitch
Batting: RHB Jorge Huerta 0-0: Ball
Wild Pitch!
Rob Wilson to second
1-0: Called Strike
1-1: Ball
2-1: Swinging Strike
2-2: Foul Ball, location: 5SF
2-2: Ball
3-2: Base on Balls
Pitching: RHP Tony Rosas
Batting: RHB Bob Jackson 0-0: Sac Bunt to 13S - play at first, batter OUT! 1-3
Rob Wilson to third
Jorge Huerta to second
Pinch Hitting: RHB José Domínguez 0-0: Ball
1-0: Ball
2-0: Fly out, F7 (Flyball, 78D, EV 81.3 MPH)
Runner from 3rd tags up, OUT at HOME! 7-2
Bottom of the 6th over - 0 runs, 0 hits, 0 errors, 1 left on base; ACL Los Angeles (N) 4 - ACL Boston 0
TOP OF THE 7TH
ACL Los Angeles (N) Dodgers batting - Pitching for ACL Boston Red Sox : LHP Pat Floyd
Now at 2B: José Domínguez
Batting: RHB José López 0-0: Ball
1-0: Ball
2-0: Ball
3-0: Base on Balls
Batting: LHB Robby Lucas 0-0: Ball
1-0: Bunt missed!
1-1: Ball
2-1: Bunt missed!
2-2: Strikes out swinging
Pitching: RHP Jeremy Brown
Batting: LHB Ed Reed 0-0: Ball
1-0: Called Strike
1-1: Ball
2-1: Foul Ball, location: 9LSFF
2-2: Ball
3-2: Fly out, F7 (Flyball, 7, EV 93.1 MPH)
Batting: RHB Nacho Noriega 0-0: Ball
José López steals 2nd base
1-0: Swinging Strike
1-1: Ball
2-1: Foul Ball, location: 9LDF
2-2: Ball
3-2: Foul Ball, location: 2F
3-2: Foul Ball, location: 5DF
3-2: Ground out 6-3 (Groundball, 6, EV 83.8 MPH)
Top of the 7th over - 0 runs, 0 hits, 0 errors, 1 left on base; ACL Los Angeles (N) 4 - ACL Boston 0
BOTTOM OF THE 7TH
ACL Boston Red Sox batting - Pitching for ACL Los Angeles (N) Dodgers : RHP Tony Rosas
Batting: SHB Sean Curl 0-0: Ball
1-0: Ball
2-0: Called Strike
2-1: Ball
3-1: Swinging Strike
3-2: Strikes out swinging
Batting: RHB Rex Mullins 0-0: Ball
1-0: Foul Ball, location: 3F
1-1: Swinging Strike
1-2: Strikes out looking
Batting: RHB Jim Unknown 0-0: Ball
1-0: Called Strike
1-1: Foul Ball, location: 7LDF
1-2: DOUBLE (Flyball, 89D, EV 80.0 MPH)
Batting: SHB Ismael Rúbio 0-0: Swinging Strike
0-1: Foul Ball, location: 7LMF
0-2: SINGLE (Groundball, 4MS, EV 66.3 MPH) (infield hit)
Jim Unknown to third
Batting: RHB Iván Alvarado 0-0: Swinging Strike
0-1: Called Strike
0-2: Foul Ball, location: 2F
0-2: Ball
1-2: Strikes out swinging
Bottom of the 7th over - 0 runs, 2 hits, 0 errors, 2 left on base; ACL Los Angeles (N) 4 - ACL Boston 0
TOP OF THE 8TH
ACL Los Angeles (N) Dodgers batting - Pitching for ACL Boston Red Sox : RHP Jeremy Brown
Batting: RHB Artie Paige 0-0: Foul Ball, location: 9LMF
0-1: Called Strike
0-2: Ball
1-2: Strikes out swinging
Batting: RHB Mario López 0-0: Swinging Strike
0-1: Foul Ball, location: 3F
0-2: Ball
1-2: Ball
2-2: Foul Ball, location: 2F
2-2: Ball
3-2: Base on Balls
Batting: LHB Juan Fernández 0-0: Ball
1-0: Called Strike
1-1: Foul Ball, location: 2F
1-2: Fly out, F7 (Line Drive, 7, EV 93.8 MPH)
Pitching: LHP Curt Smith
Batting: RHB Mike Simpson 0-0: Ball
1-0: Called Strike
1-1: Ball
2-1: Swinging Strike
2-2: Foul Ball, location: 2F
2-2: Foul Ball, location: 2LF
2-2: Ball
3-2: Base on Balls
Mario López to second
Batting: RHB Alex Neal 0-0: Ball
1-0: Foul Ball, location: 23F
1-1: Ball
2-1: Called Strike
2-2: Foul Ball, location: 2F
2-2: Foul Ball, location: 3F
2-2: Ball
3-2: Fly out, F8 (Line Drive, 8RM, EV 95.0 MPH)
Top of the 8th over - 0 runs, 0 hits, 0 errors, 2 left on base; ACL Los Angeles (N) 4 - ACL Boston 0
BOTTOM OF THE 8TH
ACL Boston Red Sox batting - Pitching for ACL Los Angeles (N) Dodgers : RHP Tony Rosas
Batting: RHB Rob Wilson 0-0: Swinging Strike
0-1: Ball
1-1: Called Strike
1-2: Ball
2-2: Ball
3-2: Foul Ball, location: 2F
3-2: Base on Balls
Batting: RHB Jorge Huerta 0-0: 2-RUN HOME RUN (Flyball, 8RXD, EV 110.0 MPH), Distance : 412 ft
Batting: RHB Bob Jackson 0-0: Called Strike
0-1: Ball
1-1: Swinging Strike
1-2: Ball
2-2: Foul Ball, location: 2F
2-2: Ball
3-2: SINGLE (Line Drive, 34D, EV 105.0 MPH)
Batting: RHB José Domínguez 0-0: Hit by Pitch
Bob Jackson to second
Pitching: RHP Mike Bing
Batting: SHB Sean Curl 0-0: Ball
1-0: Sac Bunt to 13 - play at first, batter OUT! 1-4
Bob Jackson to third
José Domínguez to second
Batting: RHB Rex Mullins 0-0: Foul Ball, location: 9LSFF
0-1: Swinging Strike
0-2: Ball
1-2: Strikes out looking
Batting: RHB Jim Unknown 0-0: Ball
1-0: Ball
2-0: Ball
3-0: Called Strike
3-1: Base on Balls
Batting: SHB Ismael Rúbio 0-0: Ball
1-0: Ground out 4-3 (Groundball, 4, EV 96.9 MPH)
Bottom of the 8th over - 2 runs, 2 hits, 0 errors, 3 left on base; ACL Los Angeles (N) 4 - ACL Boston 2
TOP OF THE 9TH
ACL Los Angeles (N) Dodgers batting - Pitching for ACL Boston Red Sox : LHP Curt Smith
Pitching: LHP Jeff Ingram
Batting: RHB José López 0-0: Ball
1-0: Called Strike
1-1: Swinging Strike
1-2: Ball
2-2: Ball
3-2: SOLO HOME RUN (Flyball, 9D, EV 93.1 MPH), Distance : 354 ft
Batting: LHB Robby Lucas 0-0: Called Strike
0-1: Ball
1-1: Called Strike
1-2: Foul Ball, location: 7LSF
1-2: Foul Ball, location: 7LDF
1-2: Ball
2-2: Fly out, F7 (Flyball, 78M, EV 91.9 MPH)
Batting: LHB Ed Reed 0-0: Called Strike
0-1: Ball
1-1: Called Strike
1-2: Ball
2-2: Strikes out swinging
Batting: RHB Nacho Noriega 0-0: Called Strike
0-1: Ball
1-1: Ball
2-1: Foul Ball, location: 9LSF
2-2: Foul Ball, location: 2F
2-2: Fly out, F9 (Flyball, 9, EV 97.5 MPH)
Top of the 9th over - 1 run, 1 hit, 0 errors, 0 left on base; ACL Los Angeles (N) 5 - ACL Boston 2
BOTTOM OF THE 9TH
ACL Boston Red Sox batting - Pitching for ACL Los Angeles (N) Dodgers : RHP Mike Bing
Pitching: RHP Ron Dawson
Now in LF: Timo van de Voorst
Batting: RHB Iván Alvarado 0-0: Called Strike
0-1: Foul Ball, location: 5FF
0-2: Ball
1-2: Ball
2-2: DOUBLE (Line Drive, 7LM, EV 102.5 MPH)
Batting: RHB Rob Wilson 0-0: Called Strike
0-1: Ball
1-1: Ball
2-1: Foul Ball, location: 2F
2-2: Ball
3-2: Base on Balls
Batting: RHB Jorge Huerta 0-0: Swinging Strike
0-1: Ball
1-1: Swinging Strike
1-2: Ball
2-2: Ball
3-2: DOUBLE (Line Drive, 7LM, EV 110.6 MPH)
Iván Alvarado scores
Rob Wilson to third
Batting: RHB Bob Jackson 0-0: Called Strike
0-1: Ball
1-1: Ball
2-1: Ball
3-1: Foul Ball, location: 2F
3-2: Foul Ball, location: 2F
3-2: Foul Ball, location: 2F
3-2: Base on Balls
Batting: RHB José Domínguez 0-0: Ball
1-0: Called Strike
1-1: Foul Ball, location: 2F
1-2: Strikes out swinging
Batting: SHB Sean Curl 0-0: Called Strike
0-1: Foul Ball, location: 5DF
0-2: Ball
1-2: Fly out, F7 (Flyball, 7, EV 88.8 MPH)
Pitching: LHP César Montaño
Batting: RHB Rex Mullins 0-0: Ball
1-0: Called Strike
1-1: Foul Ball, location: 2F
1-2: Strikes out looking
Bottom of the 9th over - 1 run, 2 hits, 0 errors, 3 left on base; ACL Los Angeles (N) 5 - ACL Boston 3
Wednesday, May 1st , 2024 - OOTP Baseball 24.10 Build 82